 Dungeon Crawl Stone Soup version 0.24.0-13-gcf9b319 (webtiles) character file.

Game seed: 10243076942433604943, levelgen mode: deterministic

291 Bronimir the Stinger (level 6, 0/33 HPs)
             Began as a Tengu Venom Mage on Mar 29, 2020.
             Slain by Sigmund
             ... wielding a +0 scythe
              (9 damage)
             ... on level 3 of the Dungeon.
             The game lasted 00:06:45 (4096 turns).

Bronimir the Stinger (Tengu Venom Mage)             Turns: 4096, Time: 00:06:45

Health: 0/33       AC:  2    Str: 10    XL:     6   Next: 32%
Magic:  11/11      EV: 12    Int: 16    God:
Gold:   136        SH:  0    Dex: 14    Spells: 4/10 levels left

rFire    + . .     SeeInvis .   a - +2 mace (crush)
rCold    + . .     Gourm    .   f - +0 buckler
rNeg     . . .     Faith    .   j - +0 robe
rPois    .         Spirit   .   (helmet restricted)
rElec    .         Reflect  .   s - scarf {rC+ rF+}
rCorr    .         Harm     .   (no gloves)
MR       .....                  (boots unavailable)
Stlth    +.........             (no amulet)
HPRegen  0.11/turn              (no ring)
MPRegen  0.12/turn              (no ring)

@: confused
A: beak, talons 3, able to fly
a: Fly


You were on level 3 of the Dungeon.
You were not hungry.

You visited 1 branch of the dungeon, and saw 3 of its levels.

You collected 136 gold pieces.

Inventory:

Hand Weapons
 a - a +2 mace of crushing (weapon)
 b - a +0 hunting sling
 l - a +0 hand axe
 r - a +0 club
Missiles
 e - 63 stones (quivered)
 o - 16 arrows
Armour
 f - a +0 buckler (worn)
 j - a +0 robe (worn)
 s - a scarf of resistance (worn)
Scrolls
 i - a scroll of blinking
 k - a scroll of identify
 m - a scroll of teleportation
 q - a scroll of enchant armour {unknown}
Potions
 d - a potion of flight {unknown}
 g - 2 potions of haste
 h - a potion of degeneration {unknown}
 n - a potion of curing {unknown}
 p - 2 potions of cancellation {unknown}
Comestibles
 c - 3 rations


   Skills:
 + Level 0.9 Fighting
 + Level 1.4 Maces & Flails
 + Level 1.0 Slings
 * Level 1.7 Armour
 + Level 2.2 Dodging
 - Level 2.0 Stealth
 * Level 1.6 Shields
 + Level 2.8 Spellcasting
 * Level 3.0 Conjurations
 + Level 1.5 Air Magic
 * Level 4.4 Poison Magic


You had 4 spell levels left.
You knew the following spells:

 Your Spells              Type           Power        Failure   Level  Hunger
a - Sting                 Conj/Pois      ##..         5%          1    #......
b - Poisonous Vapours     Pois/Air       ##....       11%         2    ##.....
c - Mephitic Cloud        Conj/Pois/Air  ##......     22%         3    ###....

Your spell library contained the following spells:

 Spells                   Type           Power        Failure   Level  Hunger
 Olgreb's Toxic Radiance  Pois           ###.....     36%         4    #####..
 Venom Bolt               Conj/Pois      ##........   83%         5    ######.


Dungeon Overview and Level Annotations

Branches:
Dungeon (3/15)

Altars:
Ashenzari
Dithmenos

Annotations:
D:3 Sigmund


Innate Abilities, Weirdness & Mutations

You have a beak for a mouth.
You have claws for feet.
You can fly continuously.


Message History

Deactivating autopickup; reactivate with Ctrl-A.
You bump into the rock wall.
Something hits you!
You are more confused.
You bump into the rock wall.
You're too confused to move!
You hear some strange, mumbled words.
Something tries to affect you, but you resist.
You bump into the rock wall.
You bump into the rock wall.
Something hits you! Something hits you but does no damage.
You bump into the rock wall.
You closely miss something. Your kick misses something. You peck something.
You hear some strange, mumbled words.
A magic dart appears from out of thin air!
The magic dart hits you. Something hits you.
* * * LOW HITPOINT WARNING * * *
Something hits you!
You die...

#########.# #...'.....
####.).......# #...###...
.............####...####..
....................+.....
....................#####.
.......####'##..##..#####.
........##.8.##........##.
.........##...##...#######
.........@##...##..## #...
####.###%..##...##..######
###.###....++.8.++..# #..
..........##...##...###.#
#.#.###..##...##........#
##..##...##...#####.#
#..##.8.##..## #.#
#.####'##...# #..
#.........# #.#


There were no monsters in sight!

Vanquished Creatures
  Grinder (D:3)
  4 adders
  2 worms
  4 dart slugs
  2 leopard geckos
  3 orcs (D:3)
  10 bats
  2 giant cockroaches
  7 hobgoblins
  5 kobolds
  A quokka (D:1)
  A ball python (D:1)
  6 frilled lizards
  5 goblins
  6 rats
59 creatures vanquished.

Notes
Turn   | Place    | Note
-------+----------+-------------------------------------------
     0 | D:1      | Bronimir the Tengu Venom Mage began the quest for the Orb.
     0 | D:1      | Reached XP level 1. HP: 10/10 MP: 4/4
   339 | D:1      | Reached XP level 2. HP: 15/15 MP: 4/6
   345 | D:1      | Learned a level 2 spell: Poisonous Vapours
   713 | D:1      | Reached XP level 3. HP: 19/19 MP: 1/7
  1206 | D:1      | Learned a level 3 spell: Mephitic Cloud
  1794 | D:2      | Reached skill level 4 in Poison Magic
  1852 | D:2      | Reached XP level 4. HP: 14/24 MP: 3/8
  2938 | D:3      | Found a shadowy altar of Dithmenos.
  2949 | D:3      | Reached skill level 1 in Air Magic
  3049 | D:3      | Found a shattered altar of Ashenzari.
  3066 | D:3      | Noticed Grinder
  3071 | D:3      | Paralysed by Grinder for 7 turns
  3499 | D:3      | Paralysed by Grinder for 2 turns
  3501 | D:3      | HP: 1/24 [Grinder (2)]
  3502 | D:3      | Killed Grinder
  3502 | D:3      | Reached skill level 1 in Maces & Flails
  3502 | D:3      | Reached skill level 1 in Slings
  3502 | D:3      | Reached skill level 1 in Armour
  3502 | D:3      | Reached skill level 1 in Shields
  3502 | D:3      | Gained mutation: You can fly continuously. [Tengu growth]
  3502 | D:3      | Reached XP level 5. HP: 1/28 MP: 7/10
  3502 | D:3      | Reached XP level 6. HP: 2/33 MP: 7/11
  4076 | D:3      | Noticed Sigmund
  4096 | D:3      | Slain by Sigmund

Levels and vault maps discovered:
D:1:      sevenhm_arrival_forest_fort_large_3, layout_loops_ring
D:2:      layout_basic
D:3:      layout_basic, nicolae_overflow_hidden_temple, grunt_decor_arrowhead,
          grunt_dithmenos_smoke, uniq_sigmund, uniq_grinder

Skill      XL: |  1  2  3  4 |
---------------+-------------+-----
Conjurations   | 2 3 |  3.0
Poison Magic   | 4 |  4.4
Air Magic      | 1 |  1.5
Maces & Flails | 1 |  1.4
Slings         | 1 |  1.0
Armour         | 1 |  1.7
Shields        | 1 |  1.6
Fighting       | |  0.9
Dodging        | |  2.2
Stealth        | |  2.0
Spellcasting   | |  2.8

Action                   |  1- 3 |  4- 6 || total
-------------------------+-------+-------++-------
Melee: Club              |    27 |       ||    27
       Peck              |     6 |     2 ||     8
       Kick              |    15 |     5 ||    20
       Mace              |    28 |    29 ||    57
 Fire: Hunting sling     |       |    22 ||    22
 Cast: Sting             |     8 |    13 ||    21
       Poisonous Vapours |    18 |    13 ||    31
       Mephitic Cloud    |     1 |       ||     1
  Use: Scroll            |       |     4 ||     4
 Stab: Sleeping          |     3 |     2 ||     5
       Distracted        |     1 |       ||     1
  Eat: Chunk             |     4 |     5 ||     9
       Ration            |       |     1 ||     1
Armor: Robe              |    15 |     4 ||    19
Dodge: Dodged            |    45 |    24 ||    69
Block: Buckler           |    10 |     4 ||    14
